Selects Australian Defense Battlegroup
Selects Australian Light Infantry Section
Australian Light Infantry Section
Construct Section Command Post
Australian Light Infantry Section
Australian Light Infantry Section
Construct Platoon Command Post
Selects 2-pounder Anti-tank Gun Team
Unlock Bishop Self-propelled Artillery
Construct Field Infirmary
2-pounder Anti-tank Gun Team
Bishop Self-propelled Artillery
Selects Vehicle Over Repair
2-pounder Anti-tank Gun Team
2-pounder Anti-tank Gun Team